PUB
HONOLULU RAYS @ HOUSTON COLT .45S
04/17/1972
 
TOP OF THE 1ST
Honolulu Rays batting - Pitching for Houston Colt .45s : RHP Fred O'Brien
Pitching: RHP Fred O'Brien
Batting: LHB Kuan Zhang 0-0: Swinging Strike
0-1: Ball
1-1: Ball
2-1: Foul Ball, location: 9LDF
2-2: Ball
3-2: Strikes out swinging
Batting: LHB Jay Johnstone 0-0: Ball
1-0: Ball
2-0: Foul Ball, location: 3F
2-1: Ball
3-1: Swinging Strike
3-2: Strikes out swinging
Batting: LHB Tin Truong 0-0: SINGLE (Line Drive, 9S, EV 101.9 MPH)
Batting: SHB Mark Berry 0-0: Ball
1-0: Ball
2-0: Ball
3-0: Foul Ball, location: 2F
3-1: Called Strike
3-2: Strikes out swinging
Top of the 1st over - 0 runs, 1 hit, 0 errors, 1 left on base; Honolulu 0 - Houston 0
BOTTOM OF THE 1ST
Houston Colt .45s batting - Pitching for Honolulu Rays : RHP Cristián Cabrera
Pitching: RHP Cristián Cabrera
Batting: SHB Eric Tucker 0-0: Ball
1-0: Ball
2-0: Called Strike
2-1: Ball
3-1: Fly out, F7 (Flyball, 7D, EV 91.9 MPH)
Batting: SHB Allen Brown 0-0: Called Strike
0-1: Ball
1-1: Ball
2-1: Fly out, F9 (Flyball, 89M, EV 85.0 MPH)
Batting: RHB Nobuhisa Fujii 0-0: Called Strike
0-1: Fly out, F3 (Popup, 3, EV 61.9 MPH)
Bottom of the 1st over - 0 runs, 0 hits, 0 errors, 0 left on base; Honolulu 0 - Houston 0
TOP OF THE 2ND
Honolulu Rays batting - Pitching for Houston Colt .45s : RHP Fred O'Brien
Batting: LHB Otto Eldridge 0-0: Called Strike
0-1: Ball
1-1: Ball
2-1: Ball
3-1: Base on Balls
Batting: LHB Jerry Kenney 0-0: Sac Bunt to 5S - play at first, batter OUT! 5-3
Otto Eldridge to second
Batting: LHB Del Unser 0-0: Called Strike
0-1: Fly out, F5 (Line Drive, 5L, EV 74.4 MPH)
Batting: SHB Buck Rodgers 0-0: Called Strike
0-1: Ball
1-1: Ground out 6-3 (Groundball, 6M, EV 106.3 MPH)
Top of the 2nd over - 0 runs, 0 hits, 0 errors, 1 left on base; Honolulu 0 - Houston 0
BOTTOM OF THE 2ND
Houston Colt .45s batting - Pitching for Honolulu Rays : RHP Cristián Cabrera
Batting: LHB Edgardo Vázquez 0-0: Hit by Pitch
Batting: SHB Michael Trusty 0-0: Called Strike
0-1: Ball
1-1: Ball
2-1: Foul Ball, location: 2F
2-2: Ball
3-2: Foul Ball, location: 7LMF
3-2: Foul Ball, location: 9LMF
3-2: Foul Ball, location: 3FF
3-2: Strikes out looking
Batting: RHB Darby Moore 0-0: Foul Ball, location: 9LDF
0-1: Ball
1-1: Foul Ball, location: 2F
1-2: Foul Ball, location: 9LSFF
1-2: Strikes out swinging
Batting: LHB Juan Rodríguez 0-0: Ground out 4-3 (Groundball, 4, EV 80.6 MPH)
Bottom of the 2nd over - 0 runs, 0 hits, 0 errors, 1 left on base; Honolulu 0 - Houston 0
TOP OF THE 3RD
Honolulu Rays batting - Pitching for Houston Colt .45s : RHP Fred O'Brien
Batting: RHB Cristián Cabrera 0-0: Ball
1-0: Ball
2-0: Foul Ball, location: 2F
2-1: Called Strike
2-2: Ball
3-2: Foul Ball, location: 9LMFF
3-2: Foul Ball, location: 3F
3-2: Strikes out swinging
Batting: LHB Kuan Zhang 0-0: Ball
1-0: Called Strike
1-1: Ball
2-1: Called Strike
2-2: Foul Ball, location: 2F
2-2: Ball
3-2: Fly out, F7 (Flyball, 7S, EV 87.5 MPH)
Batting: LHB Jay Johnstone 0-0: Ball
1-0: Called Strike
1-1: Ball
2-1: Foul Ball, location: 7LDF
2-2: Foul Ball, location: 2F
2-2: Foul Ball, location: 2F
2-2: DOUBLE (Line Drive, 9LM, EV 110.6 MPH)
Batting: LHB Tin Truong 0-0: Called Strike
0-1: Ball
1-1: Foul Ball, location: 2F
1-2: Foul Ball, location: 2F
1-2: Strikes out looking
Top of the 3rd over - 0 runs, 1 hit, 0 errors, 1 left on base; Honolulu 0 - Houston 0
BOTTOM OF THE 3RD
Houston Colt .45s batting - Pitching for Honolulu Rays : RHP Cristián Cabrera
Batting: RHB Jeremy Williams 0-0: SINGLE (Groundball, 6MD, EV 103.1 MPH)
Batting: RHB Fred O'Brien 0-0: Ball
1-0: Sac Bunt to 23 - play at first, batter OUT! 3-4
Jeremy Williams to second
Batting: SHB Eric Tucker 0-0: Ball
1-0: Ball
2-0: Swinging Strike
2-1: Called Strike
2-2: Ball
3-2: Ground out 2-3 (Groundball, 13S, EV 63.8 MPH)
Jeremy Williams to third
Batting: SHB Allen Brown 0-0: Ball
1-0: Swinging Strike
1-1: Foul Ball, location: 3DF
1-2: Fly out, F5 (Popup, 5SF, EV 76.9 MPH)
Bottom of the 3rd over - 0 runs, 1 hit, 0 errors, 1 left on base; Honolulu 0 - Houston 0
TOP OF THE 4TH
Honolulu Rays batting - Pitching for Houston Colt .45s : RHP Fred O'Brien
Batting: SHB Mark Berry 0-0: SOLO HOME RUN (Flyball, 9D, EV 93.1 MPH), Distance : 356 ft
Batting: LHB Otto Eldridge 0-0: Called Strike
0-1: Foul Ball, location: 2F
0-2: Ball
1-2: Ball
2-2: Fly out, F7 (Flyball, 78M, EV 91.9 MPH)
Batting: LHB Jerry Kenney 0-0: Called Strike
0-1: SINGLE (Groundball, 4MD, EV 103.1 MPH)
Batting: LHB Del Unser 0-0: Ball
1-0: Foul Ball, location: 5F
1-1: Ball
2-1: Foul Ball, location: 2F
2-2: Strikes out swinging
Batting: SHB Buck Rodgers 0-0: Ground out 1-3 (Groundball, P, EV 63.8 MPH)
Top of the 4th over - 1 run, 2 hits, 0 errors, 1 left on base; Honolulu 1 - Houston 0
BOTTOM OF THE 4TH
Houston Colt .45s batting - Pitching for Honolulu Rays : RHP Cristián Cabrera
Batting: RHB Nobuhisa Fujii 0-0: Called Strike
0-1: Ball
1-1: Called Strike
1-2: Fly out, F8 (Flyball, 89M, EV 104.4 MPH)
Batting: LHB Edgardo Vázquez 0-0: Ball
1-0: Foul Ball, location: 2F
1-1: Ball
2-1: Foul Ball, location: 5FF
2-2: Ground out 6-3 (Groundball, 6, EV 78.8 MPH)
Batting: SHB Michael Trusty 0-0: Ball
1-0: Ball
2-0: Ball
3-0: Base on Balls
Batting: RHB Darby Moore 0-0: Ball
1-0: Called Strike
1-1: Foul Ball, location: 2F
1-2: Ball
2-2: Ball
3-2: DOUBLE (Flyball, 8LXD, EV 107.5 MPH)
Michael Trusty to third
Michael Trusty scores
Batting: LHB Juan Rodríguez 0-0: Ball
1-0: Called Strike
1-1: Called Strike
1-2: Ball
2-2: Strikes out looking
Bottom of the 4th over - 1 run, 1 hit, 0 errors, 1 left on base; Honolulu 1 - Houston 1
TOP OF THE 5TH
Honolulu Rays batting - Pitching for Houston Colt .45s : RHP Fred O'Brien
Batting: RHB Cristián Cabrera 0-0: Called Strike
0-1: Fly out, F8 (Flyball, 8LD, EV 97.5 MPH)
Batting: LHB Kuan Zhang 0-0: Ball
1-0: Called Strike
1-1: Foul Ball, location: 2F
1-2: Ball
2-2: Ground out 1-3 (Groundball, 13, EV 70.0 MPH)
Batting: LHB Jay Johnstone 0-0: Ball
1-0: Ball
2-0: Swinging Strike
2-1: Foul Ball, location: 9LSF
2-2: Strikes out swinging
Top of the 5th over - 0 runs, 0 hits, 0 errors, 0 left on base; Honolulu 1 - Houston 1
BOTTOM OF THE 5TH
Houston Colt .45s batting - Pitching for Honolulu Rays : RHP Cristián Cabrera
Batting: RHB Jeremy Williams 0-0: Called Strike
0-1: Called Strike
0-2: Ball
1-2: Foul Ball, location: 2F
1-2: Foul Ball, location: 2F
1-2: Ball
2-2: Ball
3-2: Base on Balls
Batting: RHB Fred O'Brien 0-0: Sac Bunt to 25 - play at first, batter OUT! 5-3
Jeremy Williams to second
Batting: SHB Eric Tucker 0-0: Called Strike
0-1: Ground out 6-3 (Groundball, 6, EV 80.6 MPH)
Batting: SHB Allen Brown 0-0: Ball
1-0: Ball
2-0: Ball
3-0: Base on Balls
Batting: RHB Nobuhisa Fujii 0-0: Foul Ball, location: 23FF
0-1: Foul Ball, location: 2F
0-2: Ball
1-2: Ball
2-2: Foul Ball, location: 3SF
2-2: Fly out, F8 (Flyball, 8LD, EV 111.3 MPH)
Bottom of the 5th over - 0 runs, 0 hits, 0 errors, 2 left on base; Honolulu 1 - Houston 1
TOP OF THE 6TH
Honolulu Rays batting - Pitching for Houston Colt .45s : RHP Fred O'Brien
Batting: LHB Tin Truong 0-0: Foul Ball, location: 25F
0-1: Foul Ball, location: 7LDF
0-2: Foul Ball, location: 5SF
0-2: Strikes out looking
Batting: SHB Mark Berry 0-0: Ball
1-0: Fly out, F6 (Popup, 6, EV 72.5 MPH)
Batting: LHB Otto Eldridge 0-0: SOLO HOME RUN (Flyball, 9LD, EV 92.5 MPH), Distance : 359 ft
Batting: LHB Jerry Kenney 0-0: Called Strike
0-1: Ball
1-1: Foul Ball, location: 25F
1-2: Ball
2-2: Ball
3-2: Strikes out looking
Top of the 6th over - 1 run, 1 hit, 0 errors, 0 left on base; Honolulu 2 - Houston 1
BOTTOM OF THE 6TH
Houston Colt .45s batting - Pitching for Honolulu Rays : RHP Cristián Cabrera
Batting: LHB Edgardo Vázquez 0-0: Ball
1-0: Called Strike
1-1: Foul Ball, location: 2F
1-2: SINGLE (Line Drive, 8LS, EV 96.9 MPH)
Batting: SHB Michael Trusty 0-0: Grounds into double play, 6-4-3 (Groundball, 6, EV 83.8 MPH)
Batting: RHB Darby Moore 0-0: Ball
1-0: Foul Ball, location: 7LMF
1-1: Fly out, F9 (Flyball, 89M, EV 80.6 MPH)
Bottom of the 6th over - 0 runs, 1 hit, 0 errors, 0 left on base; Honolulu 2 - Houston 1
TOP OF THE 7TH
Honolulu Rays batting - Pitching for Houston Colt .45s : RHP Fred O'Brien
Batting: LHB Del Unser 0-0: Ball
1-0: Called Strike
1-1: Called Strike
1-2: Ball
2-2: Strikes out swinging
Pitching: RHP Yoshifumi Tada
Batting: SHB Buck Rodgers 0-0: Ball
1-0: Ground out 1-3 (Groundball, 34S, EV 65.0 MPH)
Pinch Hitting: LHB Ralph Garr 0-0: Foul Ball, location: 2F
0-1: Ball
1-1: Foul Ball, location: 7LMF
1-2: Strikes out looking
Top of the 7th over - 0 runs, 0 hits, 0 errors, 0 left on base; Honolulu 2 - Houston 1
BOTTOM OF THE 7TH
Houston Colt .45s batting - Pitching for Honolulu Rays : RHP Cristián Cabrera
Pitching: RHP Tristan Gilles
Batting: LHB Juan Rodríguez 0-0: Ball
1-0: Ball
2-0: Called Strike
2-1: Foul Ball, location: 7LDF
2-2: Ball
3-2: Base on Balls
Batting: RHB Jeremy Williams
Pinch Hitting: LHB Michael Ellis 0-0: Ball
1-0: Foul Ball, location: 7LSF
1-1: Called Strike
1-2: Reached on error, E4 (Groundball, 4, EV 85.0 MPH)
Juan Rodríguez to second
Pinch Hitting: LHB Jeff Murphy 0-0: Called Strike
0-1: Ball
1-1: Fly out, F6 (Popup, 6, EV 65.6 MPH)
Batting: SHB Eric Tucker 0-0: Called Strike
0-1: Ball
1-1: Fly out, F7 (Flyball, 7S, EV 91.9 MPH)
Batting: SHB Allen Brown 0-0: Ball
1-0: Ball
2-0: Ground out 4-3 (Groundball, 4, EV 80.0 MPH)
Bottom of the 7th over - 0 runs, 0 hits, 1 error, 2 left on base; Honolulu 2 - Houston 1
TOP OF THE 8TH
Honolulu Rays batting - Pitching for Houston Colt .45s : RHP Yoshifumi Tada
Pitching: LHP Gordie Richardson
Now at 3B: Ching Yo
Batting: LHB Kuan Zhang 0-0: Foul Ball, location: 7LSF
0-1: Called Strike
0-2: Foul Ball, location: 7LDF
0-2: Foul Ball, location: 3DF
0-2: Ball
1-2: Ground out 6-3 (Groundball, 6, EV 83.8 MPH)
Batting: LHB Jay Johnstone 0-0: Ball
1-0: Ball
2-0: Ball
3-0: Called Strike
3-1: DOUBLE (Flyball, 9LD, EV 98.8 MPH)
Batting: LHB Tin Truong 0-0: Intentional Walk
Batting: SHB Mark Berry 0-0: Ball
Wild Pitch!
Jay Johnstone to third
Tin Truong to second
1-0: Called Strike
1-1: Ball
2-1: Ground out 1-3 (Groundball, 13, EV 73.1 MPH)
Batting: LHB Otto Eldridge 0-0: Ball
1-0: Ball
2-0: Called Strike
2-1: Foul Ball, location: 5FF
2-2: Strikes out swinging
Top of the 8th over - 0 runs, 1 hit, 0 errors, 2 left on base; Honolulu 2 - Houston 1
BOTTOM OF THE 8TH
Houston Colt .45s batting - Pitching for Honolulu Rays : RHP Tristan Gilles
Batting: RHB Nobuhisa Fujii 0-0: Ball
1-0: Reached on error, E6 (Groundball, 6, EV 110.0 MPH)
Batting: LHB Edgardo Vázquez 0-0: Called Strike
0-1: Fly out, F5 (Popup, 56, EV 60.0 MPH)
Batting: SHB Michael Trusty 0-0: Ball
Nobuhisa Fujii is caught stealing 2nd base 2-6
1-0: Ball
2-0: Foul Ball, location: 25F
2-1: Foul Ball, location: 7LMF
2-2: Strikes out swinging
Bottom of the 8th over - 0 runs, 0 hits, 1 error, 0 left on base; Honolulu 2 - Houston 1
TOP OF THE 9TH
Honolulu Rays batting - Pitching for Houston Colt .45s : LHP Gordie Richardson
Pinch Hitting: SHB Emery Hutchinson 0-0: Ball
1-0: Foul Ball, location: 9LDF
1-1: Fly out, F9 (Flyball, 9D, EV 99.4 MPH)
Batting: LHB Del Unser 0-0: Swinging Strike
0-1: Foul Ball, location: 25F
0-2: Ball
1-2: Foul Ball, location: 2F
1-2: Foul Ball, location: 2F
1-2: SINGLE (Line Drive, 4D, EV 95.6 MPH)
Pitching: RHP Stan González
Batting: SHB Buck Rodgers 0-0: Ball
1-0: Ball
2-0: Ball
3-0: Base on Balls
Del Unser to second
Pinch Hitting: LHB Kyle MacKinley 0-0: Ball
1-0: Ball
2-0: Foul Ball, location: 7LSF
2-1: 3-RUN HOME RUN (Flyball, 9D, EV 95.0 MPH), Distance : 352 ft
Batting: LHB Kuan Zhang 0-0: Called Strike
0-1: Foul Ball, location: 7LSF
0-2: Ball
1-2: Ball
2-2: SINGLE (Flyball, 5D, EV 98.8 MPH)
Batting: LHB Jay Johnstone 0-0: Ball
1-0: Grounds into double play, 4-6-3 (Groundball, 4D, EV 106.9 MPH)
Top of the 9th over - 3 runs, 3 hits, 0 errors, 0 left on base; Honolulu 5 - Houston 1
BOTTOM OF THE 9TH
Houston Colt .45s batting - Pitching for Honolulu Rays : RHP Tristan Gilles
Pitching: RHP Sancho Calivillo
Now at SS: Ted Sizemore
Batting: RHB Darby Moore 0-0: Ball
1-0: Swinging Strike
1-1: Ball
2-1: Foul Ball, location: 9LMF
2-2: Foul Ball, location: 25FF
2-2: Ball
3-2: Strikes out swinging
Batting: LHB Juan Rodríguez 0-0: Fly out, F7 (Flyball, 78S, EV 77.5 MPH)
Batting: RHB Ching Yo 0-0: Called Strike
0-1: Called Strike
0-2: Strikes out swinging
Bottom of the 9th over - 0 runs, 0 hits, 0 errors, 0 left on base; Honolulu 5 - Houston 1
Tuesday, February 27th , 2024 - OOTP Baseball 24.8 Build 75